 Dungeon Crawl Stone Soup version 0.22.0-60-ga52c2fc (webtiles) character file.

47 ssg the Ruffian (level 3, -2/29 HPs)
             Began as a Draconian Transmuter on Sept 10, 2018.
             Slain by a worm (11 damage)
             ... on level 2 of the Dungeon.
             The game lasted 00:02:10 (1752 turns).

ssg the Ruffian (Draconian Transmuter)              Turns: 1752, Time: 00:02:11

Health: -2/29      AC:  2    Str: 13    XL:     3   Next: 48%
Magic:  1/6        EV: 17    Int: 13    God:
Gold:   21         SH:  0    Dex: 16    Spells: 0/6 levels left

rFire    . . .     SeeInvis .     - Unarmed
rCold    . . .     Gourm    .   (shield currently unavailable)
rNeg     . . .     Faith    .   (armour unavailable)
rPois    x         Spirit   .   (helmet currently unavailable)
rElec    .         Reflect  .   (cloak currently unavailable)
rCorr    .         Harm     .   (gloves currently unavailable)
MR       .....                  (boots currently unavailable)
Stlth    +.........             (no amulet)
HPRegen  0.09/turn              (no ring)
MPRegen  0.10/turn              (no ring)

@: spider-form (expiring), heavily drained
A: tiny, unfitting armour, AC +5
a: End Transformation


You were on level 2 of the Dungeon.
You were very hungry.
You were a venomous arachnid creature.
You visited 1 branch of the dungeon, and saw 2 of its levels.

You collected 21 gold pieces.

Inventory:

Missiles
 a - 44 arrows
Jewellery
 i - an uncursed amulet of harm
Scrolls
 b - 4 scrolls of identify {unknown}
 e - a scroll of enchant weapon {unknown}
 g - a scroll of blinking {unknown}
 h - 2 scrolls of remove curse {unknown}
 j - a scroll of teleportation {unknown}
Potions
 d - a potion of heal wounds {unknown}
 f - a potion of berserk rage {unknown}
 k - a potion of curing {unknown}
Comestibles
 c - 3 rations


   Skills:
 + Level 1.9(0.0) Fighting
 - Level 1.7(0.0) Dodging
 * Level 3.6(1.3) Unarmed Combat
 - Level 2.0(0.0) Spellcasting
 * Level 2.9(0.6) Transmutations


You couldn't memorise any spells.
You knew the following spells:

 Your Spells              Type           Power        Failure   Level  Hunger
a - Beastly Appendage     Tmut           #.....       45%         1    ##.....
b - Sticks to Snakes      Tmut           #.......     56%         2    ###....
c - Spider Form           Tmut/Pois      #.........   82%         3    ####...

Your spell library contained the following spells:

 Spells                   Type           Power        Failure   Level  Hunger
 Ice Form                 Ice/Tmut       #.......     99%         4    #####..
 Blade Hands              Tmut           #.........   100%        5    ######.


Dungeon Overview and Level Annotations

Branches:
Dungeon (2/15)

Altars:


Innate Abilities, Weirdness & Mutations

((Your plain brown scales are hard. (AC +5)))
You cannot fit into any form of body armour.
((You are cold-blooded and may be slowed by cold attacks.))


Message History

You hit the worm but do no damage. You tail-slap the worm.
The worm is lightly wounded.
The worm bites you.
You hit the worm.
The worm is lightly wounded.
You hit the worm.
The worm is lightly wounded.
The worm bites you!
You hit the worm but do no damage.
The worm is lightly wounded.
The worm bites you.
Casting: Beastly Appendage (safe; 24% risk of failure)
Confirm with . or Enter, or press ? or * to list all spells.
You create a snake!
You now have 44 arrows.
Casting: Sticks to Snakes (safe; 34% risk of failure)
Confirm with . or Enter, or press ? or * to list all spells.
You turn into a venomous arachnid creature.
You are feeling very hungry.
You swap places.
The worm bites you!
You die...

#†# ..# #)##..#
#.(<..#
#####.###.###
.##............
............###
###.###.#####
##.####.###.#
.......Ssw..#
....#.#.##### .
.....# #######


You could see a worm and a friendly adder.

Vanquished Creatures
  A gnoll (D:1)
  4 dart slugs (D:1)
  A leopard gecko (D:2)
  3 goblins (D:1)
  5 hobgoblins
  2 jackals (D:2)
  3 bats (D:1)
  2 frilled lizards (D:1)
  6 kobolds
  A rat (D:1)
28 creatures vanquished.

Notes
Turn   | Place    | Note
-------+----------+-------------------------------------------
     0 | D:1      | ssg the Draconian Transmuter began the quest for the Orb.
     0 | D:1      | Reached XP level 1. HP: 16/16 MP: 3/3
   477 | D:1      | Reached XP level 2. HP: 23/23 MP: 5/5
   695 | D:1      | Learned a level 2 spell: Sticks to Snakes
   987 | D:1      | Reached XP level 3. HP: 17/29 MP: 6/6
  1653 | D:1      | Learned a level 3 spell: Spider Form
  1752 | D:2      | Slain by a worm

Action                   || total
-------------------------++-------
Melee: Unarmed           ||   158
       Tailslap          ||    27
       Punch             ||     3
 Cast: Beastly Appendage ||     1
       Spider Form       ||     1
       Sticks to Snakes  ||     1
  Eat: Chunk             ||     2
Armor: Skin              ||    39
Dodge: Dodged            ||    93
